 Dungeon Crawl Stone Soup version 0.31.0-11-ge490571c62 (webtiles) character file.

Game seed: 859194938758735606

464594 Xavori the Warrior (level 26, -1/213 (216) HPs)
             Began as a Djinni Chaos Knight on Jan 30, 2024.
             Was a Favourite Plaything of Xom.
             Slain by a frost giant
             ... wielding a +1 battleaxe of freezing
              (13 damage)
             ... on level 5 of the Vaults on Jan 31, 2024.
             The game lasted 02:05:49 (59820 turns).

Xavori the Warrior (Djinni Chaos Knight)           Turns: 59820, Time: 02:05:50

HP:   -1/213 (216)  AC: 18    Str: 19    XL:     26   Next: 8%
Gold: 3995          EV: 32    Int: 21    God:    Xom [..*...] SH: 23 Dex: 31

rFire   + + +        h - +4 scimitar (freeze)
rCold   + . .        m - +5 kite shield {reflect}
rNeg    + . .        b - +0 troll leather armour "Cexzugaun" {rF- Regen+ rCorr Dex+10}
rPois   ∞            X - +1 helmet
rElec   +            G - +2 cloak
rCorr   +            J - +2 pair of gloves of the Farrier {Slay+2}
SInv    +            (boots unavailable)
Will    ++...        P - amulet "Huxaik" {RegenMP ^Contam rCorr Slay+2} Stlth
                     w - ring of Suridgh {rF+ rCorr Str+7 Dex+2 Stlth-}
HPRegen 1.35/turn    Q - ring of Usoifun {rElec rF+ rC++ rN+ Stlth-}
MPRegen 0.00/turn

%: reflection, infuse magic (-2 HP)
@: brilliant, flying, lightly drained
A: sickness immunity, fire resistance 2, cold vulnerability 1, float, innate
caster, HP casting, extra vitality 1, claws 1, iridescent scales 2, see
invisible, agile 1, robust 1, inability to drink after injury 1
}: 1/15 runes: serpentine
a: Renounce Religion


You were on level 5 of the Vaults.
You worshipped Xom.
You were a toy of Xom.
You visited 9 branches of the dungeon, and saw 42 of its levels.
You visited the Abyss 2 times.
You also visited: Sewer and Desolation.

You collected 7573 gold pieces.
You spent 3578 gold pieces at shops.

Inventory:

Hand Weapons
 h - a +4 scimitar of freezing (weapon)
Armour
 b - the +0 troll leather armour "Cexzugaun" (worn) {rF- Regen+ rCorr Dex+10}
   (You bought it in a shop on level 1 of the Snake Pit)

   Dex+10:    It affects your dexterity (+10).
   rF-:       It makes you vulnerable to fire.
   Regen+:    It increases your rate of health regeneration.
   rCorr:     It protects you from acid and corrosion.
 m - a +5 kite shield of reflection (worn)
 o - +5 pearl dragon scales
 p - the +12 gold dragon scales "Peoklil" {Harm ^Drain rPois rF+ rC+ rN++ rCorr}
   (You found it in the Desolation of Salt)

   rF+:       It protects you from fire.
   rC+:       It protects you from cold.
   rPois:     It protects you from poison rN++: It greatly protects you from
   negative energy.
   rCorr:     It protects you from acid and corrosion.
   ^Drain:    It drains your maximum health when unequipped.
   Harm:      It increases damage dealt and taken.
 r - the +2 hat "Ymoefig" {Fly Str-5 SInv}
   (You found it in the Desolation of Salt)

   Str-5:     It affects your strength (-5).
   SInv:      It lets you see invisible.
   Fly:       It grants you flight.
 G - a +2 cloak (worn)
 J - the +2 pair of gloves of the Farrier (worn) {Slay+2}
   (You acquired it on level 10 of the Dungeon)

   Slay+2:    It affects your accuracy & damage with ranged weapons and melee
   (+2).
 T - a +1 buckler of cold resistance
 X - a +1 helmet (worn)
Jewellery
 e - an amulet of regeneration
 w - the ring of Suridgh (left hand) {rF+ rCorr Str+7 Dex+2 Stlth-}
   (You took it off a frost giant on level 2 of the Depths)

   [ring of resist corrosion]

   Str+7:     It affects your strength (+7).
   Dex+2:     It affects your dexterity (+2).
   rF+:       It protects you from fire.
   rCorr:     It protects you from acid and corrosion.
   Stlth-:    It makes you less stealthy.
 x - a +5 ring of evasion
 E - a ring of see invisible
 H - a ring of resist corrosion
 O - an amulet of reflection
 P - the amulet "Huxaik" (around neck) {RegenMP ^Contam rCorr Slay+2}
   (You found it on level 12 of the Dungeon)

   [amulet of magic regeneration]

   RegenMP:   It increases your rate of magic regeneration.
   Slay+2:    It affects your accuracy & damage with ranged weapons and melee
   (+2).
   ^Contam:   It causes magical contamination when unequipped.
   rCorr:     It protects you from acid and corrosion.
 Q - the ring of Usoifun (right hand) {rElec rF+ rC++ rN+ Stlth-}
   (You bought it in a shop on level 12 of the Dungeon)

   [ring of protection from fire]

   rF+:       It protects you from fire.
   rC++:      It greatly protects you from cold.
   rElec:     It insulates you from electricity.
   rN+:       It protects you from negative energy.
   Stlth-:    It makes you less stealthy.
 U - the ring "Juymyn" {^Contam rF+ rN+ Will++ rCorr}
   (You found it on level 3 of the Crypt)

   [ring of positive energy]

   rF+:       It protects you from fire.
   rN+:       It protects you from negative energy.
   Will++:    It greatly increases your willpower.
   ^Contam:   It causes magical contamination when unequipped.
   rCorr:     It protects you from acid and corrosion.
 Z - a ring of protection from fire
Wands
 k - a wand of polymorph (9)
 s - a wand of paralysis (65)
 y - a wand of digging (9)
 D - a wand of flame (92)
 M - a wand of light (10)
 N - a wand of roots (23)
 Y - a wand of mindburst (3)
Scrolls
 c - 4 scrolls of butterflies
 d - 6 scrolls of immolation
 f - 8 scrolls of revelation
 i - 3 scrolls of blinking
 l - 3 scrolls of brand weapon
 n - 9 scrolls of teleportation
 u - 5 scrolls of poison
 v - 8 scrolls of enchant weapon
 B - 7 scrolls of fog
 F - 6 scrolls of torment
 I - 5 scrolls of silence
 R - a scroll of fear
 W - 5 scrolls of vulnerability
Potions
 g - 6 potions of mutation
 j - 13 potions of enlightenment
 q - 4 potions of berserk rage
 t - 11 potions of might
 z - 6 potions of haste
 A - 4 potions of resistance
 C - 18 potions of curing
 K - 5 potions of heal wounds
 L - 4 potions of brilliance
 V - a potion of cancellation
Miscellaneous
 a - a sack of spiders (inert)


   Skills:
 + Level 19.2 Fighting
 - Level 14.6 Long Blades
 * Level 13.9 Armour
 - Level 18.0 Dodging
 + Level 17.9 Shields
 * Level 17.3 Spellcasting
 * Level 17.3 Conjurations
 * Level 17.3 Hexes
 * Level 17.3 Summonings
 * Level 17.3 Necromancy
 * Level 17.3 Translocations
 * Level 17.3 Fire Magic
 * Level 17.3 Ice Magic
 * Level 17.3 Air Magic
 * Level 17.3 Earth Magic
 * Level 17.3 Alchemy
 - Level 10.0 Evocations
 - Level 3.5 Shapeshifting


You knew the following spells:

 Your Spells              Type           Power      Damage    Failure   Level
a - Shock                 Conj/Air       100%       1d9       0%          1
b - Searing Ray           Conj           100%       2d8       0%          2
c - Gell's Gravitas       Tloc           95%        N/A       0%          3
d - Sigil of Binding      Hex            95%        N/A       0%          3
e - Summon Lightning Spi  Summ/Air       95%        N/A       1%          4
f - Fireball              Conj/Fire      47%        3d19      1%          5
g - Sculpt Simulacrum     Ice/Alch       47%        N/A       1%          6
h - Haunt                 Necr/Summ      47%        N/A       3%          7
i - Ozocubu's Refrigerat  Ice            47%        4d18      3%          7
j - Borgnjor's Revivific  Necr           47%        N/A       26%         8
k - Infestation           Necr           47%        N/A       26%         8
l - Disjunction           Tloc           47%        N/A       26%         8
Your spell library was empty.

Dungeon Overview and Level Annotations

Branches:
Dungeon (15/15)            Temple (0/1) D:5            Lair (5/5) D:8
 Shoals (3/4) Lair:3        Snake (4/4) Lair:2        Slime (0/5) Lair:5
    Orc (2/2) D:10            Elf (3/3) Orc:2        Vaults (5/5) D:13
  Crypt (3/3) Vaults:2       Tomb (0/3) Crypt:3      Depths (2/4) D:15
  Sewer (visited)         Desolation (visited)

Altars:
Fedhas
Makhleb
Uskayaw
Xom
Yredelemnul
Zin
The Shining One

Shops:
D:10 ([   D:12 (*=   Orc:2 *?[=[   Elf:3 =   Snake:1 [=:!=   Snake:2 (
Vaults:2 [

Portals:
Hell: Lair:5 Depths:2
Abyss: Depths:1
Pandemonium: Orc:2 Depths:1 Depths:2
Ziggurat: Depths:1
Trove: Elf:2 (give +4 shadow dragon scales)


Innate Abilities, Weirdness & Mutations

You are immune to sickness and miasma.
You are immune to poison.
Your flesh is very heat resistant. (rF++)
You are vulnerable to cold. (rC-)
You float through the air rather than walking.
You learn spells naturally, not from books.
Your magical power is your life essence.
You have superior vitality. (+4 MHP)
You have sharp fingernails.
You are mostly covered in iridescent scales. (AC +4)
You have supernaturally acute eyesight. (SInv)
You are agile. (Dex +4, Str/Int -1)
You are robust. (+10% HP)
You occasionally lose the ability to drink potions when taking damage.


Message History

The tormentor calls on the powers of darkness!
The stone giant convulses!
The deep elf demonologist convulses!
Your body is wracked with pain!
* * * LOW HITPOINT WARNING * * *
Xom thinks this is hilarious!
The tengu reaver convulses!
The frost giant convulses!
The tengu reaver hits you but does no damage.
You block the tengu reaver's attack. x2
The deep elf demonologist completely misses you.
The frost giant completely misses you. You block the stone giant's attack.
You barely miss the deep elf demonologist.
The deep elf demonologist is heavily wounded.
You block the tormentor's attack. x2
Unknown command.
You hit the deep elf demonologist. You freeze the deep elf demonologist.
The deep elf demonologist is severely wounded.
You block the tormentor's attack. x2
The deep elf demonologist completely misses you.
You block the tengu reaver's attack. The tengu reaver misses you.
The tengu reaver barely misses you. The frost giant completely misses you.
The stone giant completely misses you.
You barely miss the deep elf demonologist.
The deep elf demonologist is severely wounded.
The tormentor completely misses you. You block the tormentor's attack.
You block the tengu reaver's attack. x2; The tengu reaver claws you.
* * * LOW HITPOINT WARNING * * *
The deep elf demonologist misses you.
The frost giant hits you but does no damage.
The stone giant completely misses you.
You closely miss the deep elf demonologist.
The deep elf demonologist is severely wounded.
You block the tormentor's attack. x2; You block the tengu reaver's attack.
The tengu reaver pecks you!
* * * LOW HITPOINT WARNING * * *
The tengu reaver claws you but does no damage.
The deep elf demonologist completely misses you.
The stone giant closely misses you.
The frost giant hits you with a +1 battleaxe of freezing!
You die...
Xom cackles wildly!

#################
..#.............
#.#......^.....
#.#..C.2......
#§#.Q@e......
#.#.C.......
##.#.......#
##.#.....#.
##.#...#.# ######
#


You could see a frost giant, a stone giant, a tengu reaver (repels missiles), a
deep elf demonologist and a tormentor (summoned).

Vanquished Creatures
  2 ancient liches (Crypt:3)
  Margery (Depths:2)
  Nikola (Elf:3)
  A bone dragon (Crypt:3)
  Zenata (Crypt:3)
  A tentacled monstrosity (Depths:2)
  Asterion (Vaults:3)
  2 deep elf blademasters (Elf:3)
  A titan (Vaults:4)
  A searing wretch (Depths:2)
  A deep elf master archer (Elf:3)
  A tentacled starspawn (Abyss:1)
  A storm dragon (Vaults:5)
  Donald (Elf:3)
  3 tengu reavers
  A nagaraja (Snake:4)
  2 shadow dragons
  5 revenants
  8 fire giants
  4 frost giants
  5 deep elf elementalists
  2 deep elf sorcerers (Elf:3)
  12 vault wardens
  7 ghouls (Crypt:1)
  A spriggan defender (Depths:2)
  2 imperial myrmidons (Desolation)
  An orc warlord (Vaults:4)
  A caustic shrike zombie (Crypt:1)
  2 reapers
  14 ironbound preservers
  2 curse skulls
  4 ironbound thunderhulks
  2 very ugly things (Depths:2)
  A juggernaut skeleton (Crypt:3)
  13 stone giants
  6 formless jellyfish
  A caustic shrike skeleton (Crypt:2)
  5 deep elf demonologists (Elf:3)
  A lorocyproca (Depths:1)
  7 vampire knights
  7 deep elf death magi
  A halazid warlock (Desolation)
  6 dire elephants
  4 deep elf annihilators
  6 war gargoyles
  7 spark wasps
  3 crystal guardians (Desolation)
  2 bunyips
  An eidolon (Crypt:1)
  A merfolk impaler (Shoals:2)
  9 fire dragons
  A blizzard demon (Depths:2)
  9 ettins
  7 jiangshi
  9 ragged hierophants (Desolation)
  An entropy weaver (Shoals:2)
  8 deep elf high priests
  10 yaktaur captains
  A merfolk javelineer (Shoals:1)
  2 spriggan zombies (Crypt:3)
  8 ice dragons
  7 great orbs of eyes
  23 vault guards
  A ghost crab (Crypt:3)
  8 servants of whispers (Desolation)
  6 rakshasas
  An ogre mage (Vaults:5)
  3 hydras
  5 ironbound frosthearts
  3 spriggan air magi
  17 centaur warriors
  2 death knights
  6 peacekeepers
  12 anacondas
  3 catoblepae
  6 boulder beetles
  9 two-headed ogres
  2 jorogumos
  9 tengu warriors
  10 death yaks
  A deep troll shaman (Depths:2)
  15 naga warriors
  An alligator snapping turtle (Shoals:2)
  A two-headed ogre (shapeshifter) (Snake:4)
  26 dancing weapons
  3 vampire magi
  4 hell hogs (Abyss:3)
  2 occultists (D:15)
  3 spriggan berserkers (Depths:2)
  5 deep troll earth magi (Depths:2)
  7 orc high priests
  6 naga sharpshooters
  3 shock serpents
  4 hell knights (Depths:2)
  A soul eater (Orc:2)
  20 deep elf knights
  2 titan skeletons (Crypt:3)
  A sun demon (Depths:2)
  2 wretched stars (Abyss:3)
  3 salamander mystics
  29 skeletal warriors
  A storm dragon zombie (Crypt:3)
  An iron troll (Depths:2)
  2 skysharks
  5 sixfirhies
  4 glowing orange brains
  A sea snake (Shoals:1)
  34 deep trolls
  10 mana vipers
  A mana viper (shapeshifter) (Vaults:4)
  A spark wasp zombie (Crypt:1)
  3 bog bodies (Crypt:1)
  6 lindwurms
  A bunyip skeleton (Abyss:1)
  2 flayed ghosts (Depths:2)
  4 arcanists
  18 ironbound convokers
  A lindwurm (shapeshifter) (Snake:1)
  2 necromancers (D:15)
  A harpy (shapeshifter) (D:13)
  5 orc knights
  3 naga ritualists
  4 harpies
  10 deep elf archers
  32 deep elf pyromancers
  30 deep elf zephyrmancers
  9 phantasmal warriors
  A wolf spider (D:13)
  2 oklob plants (Lair:3)
  Maurice (Orc:2)
  4 cyclopes
  3 fauns
  A manticore (shapeshifter) (Snake:2)
  14 salamanders
  5 orc sorcerers (Orc:2)
  36 ugly things
  8 manticores
  A faun (shapeshifter) (D:15)
  A stone giant zombie (Depths:1)
  5 elephants
  37 black mambas
  3 large abominations (Abyss:3)
  A frost giant skeleton (Depths:1)
  A dire elephant zombie (Crypt:3)
  A kobold blastminer (Orc:1)
  4 merfolk sirens
  A smoke demon (Abyss:3)
  A molten gargoyle (Desolation)
  11 vault sentinels
  An apocalypse crab (Abyss:3)
  2 water nymphs (Shoals:1)
  18 guardian serpents
  A centaur skeleton (Crypt:3)
  An alligator snapping turtle zombie (Crypt:3)
  2 fire giant skeletons (Depths:1)
  2 orange demons
  A cane toad (shapeshifter) (Elf:1)
  10 naga magi
  An unseen horror (shapeshifter) (Abyss:3)
  3 rime drakes (Lair:5)
  32 yaktaurs
  5 gargoyles
  6 komodo dragons
  14 cane toads
  2 unseen horrors
  2 freezing wraiths (Crypt:1)
  A kobold demonologist (D:10)
  7 tengu conjurers
  2 ice devils (Lair:5)
  3 trolls
  A hellwing (Orc:2)
  An ancient zyme (Abyss:3)
  3 red devils (Lair:5)
  A wind drake (Shoals:2)
  A hornet (D:8)
  2 harpy zombies (Crypt:3)
  11 merfolk
  A queen bee (Elf:2)
  11 blink frogs
  6 polar bears
  64 saltlings (Desolation)
  A tarantella (shapeshifter) (Elf:1)
  A radroach zombie (Crypt:1)
  A meliai zombie (Crypt:2)
  2 snapping turtles
  A glass eye (Depths:2)
  34 slime creatures
  A fire giant simulacrum (Depths:1)
  7 shadows
  An air elemental (Elf:3)
  A ynoxinul (Depths:2)
  6 water elementals
  5 wyverns
  A fire elemental (Elf:2)
  12 wraiths
  4 vampires
  4 fire dragon skeletons (Crypt:3)
  3 basilisks
  39 yaks
  Grum (D:7)
  2 neqoxecs (Abyss:3)
  A steam dragon (D:7)
  A wind drake skeleton (Crypt:2)
  Menkaure (D:4)
  A naga zombie (Crypt:3)
  4 wargs
  28 nagas
  23 water moccasins
  6 acid dragons
  3 hell hounds (Lair:5)
  4 small abominations (Abyss:3)
  29 orc warriors
  A lindwurm zombie (Crypt:2)
  2 ice beasts
  14 laughing skulls
  A black bear (Lair:3)
  2 crocodiles
  7 ogres
  8 wolves
  5 centaurs
  3 boggarts (Vaults:1)
  2 phantoms
  3 kobold brigands
  2 nameless horrors
  A brain worm (Sewer)
  A brain worm (shapeshifter) (Snake:4)
  5 earth elementals
  11 bullfrogs
  A necrophage (Crypt:1)
  2 gnoll sergeants
  A scorpion (D:6)
  An elf skeleton (Crypt:1)
  A water moccasin zombie (Crypt:1)
  A wyvern zombie (Crypt:1)
  17 wights
  A human simulacrum (Vaults:4)
  11 killer bees
  2 spriggan skeletons
  6 electric eels (Lair:4)
  A shapeshifter skeleton (Crypt:2)
  A vampire bat (Lair:3)
  5 howler monkeys
  4 jellies (Lair:5)
  A gnoll bouda (D:9)
  5 hounds
  A bullfrog skeleton (Crypt:1)
  Crazy Yiuf (D:5)
  18 orc priests
  3 sleepcaps
  4 orc wizards
  A scorpion zombie (Crypt:1)
  Natasha (twice) (D:3)
  3 iguanas (D:5)
  6 hell rats
  A crocodile skeleton (Crypt:2)
  A boggart simulacrum (D:14)
  11 gnolls
  A river rat (Snake:3)
  7 adders
  A shadow imp (D:8)
  3 white imps
  2 ufetubi (D:7)
  An adder skeleton (Crypt:1)
  3 dart slugs
  2 ribbon worms
  44 orcs
  9 endoplasms
  2 giant cockroaches
  9 hobgoblins
  7 jackals
  3 quokkas
  4 ball pythons
  17 bats
  5 frilled lizards
  5 goblins
  16 kobolds
  An orc skeleton (Crypt:2)
  6 rats
1611 creatures vanquished.

Vanquished Creatures (collateral kills)
  2 liches
  A titan (Vaults:4)
  Rupert (D:12)
  The ghost of Dadghomedgh the Thaumaturge, an adept GnHW of Sif Muna (Snake:4)
  Polyphemus (Shoals:2)
  A tengu reaver (D:15)
  A revenant (Crypt:2)
  An iron dragon (Vaults:4)
  A caustic shrike zombie (Crypt:3)
  2 curse skulls
  3 ironbound preservers
  A ghoul (Crypt:1)
  2 vampire knights
  A deep elf demonologist (Elf:3)
  2 deep elf annihilators (Elf:3)
  A mummy priest (Crypt:3)
  An entropy weaver (Vaults:3)
  A great orb of eyes (Vaults:1)
  Fannar (D:10)
  A hydra (D:13)
  A vault guard (Vaults:4)
  A servant of whispers (Desolation)
  A demonspawn (Orc:2)
  4 naga warriors
  A centaur warrior (Vaults:1)
  A boulder beetle (Lair:3)
  3 death yaks
  A vampire mage (Crypt:3)
  A sea snake (Shoals:1)
  5 deep trolls
  5 skeletal warriors (Crypt:3)
  A skyshark (shapeshifter) (D:15)
  A mana viper (Snake:2)
  A lindwurm (Vaults:1)
  A necromancer (Vaults:2)
  An orc knight (Orc:2)
  A phantasmal warrior (Crypt:1)
  2 ironbound convokers
  3 deep elf zephyrmancers (Elf:1)
  3 ugly things
  An orc sorcerer (Orc:2)
  A manticore (Shoals:1)
  2 salamanders (Snake:4)
  A guardian serpent (Snake:4)
  A naga mage (Snake:2)
  3 black mambas
  A freezing wraith (Crypt:1)
  2 cane toads
  A komodo dragon (Lair:2)
  A rime drake (Lair:5)
  A yaktaur (Vaults:1)
  A saltling (Desolation)
  A blink frog (Lair:5)
  A slime creature (Vaults:4)
  A spriggan (Snake:1)
  7 yaks
  3 vampires (Crypt:3)
  3 fire dragon skeletons (Crypt:3)
  A basilisk (Lair:1)
  6 nagas
  2 hell hounds (Lair:5)
  An acid dragon (D:8)
  An orc warrior (D:15)
  A wolf (Lair:3)
  2 laughing skulls
  2 bullfrogs
  A gnoll sergeant (D:9)
  A necrophage (Crypt:1)
  A wight (D:9)
  An orc priest (D:15)
  An orc wizard (D:4)
  A hell rat (Lair:5)
  Robin (D:3)
  4 gnolls
  3 orcs
  6 goblins (D:3)
  4 hobgoblins (D:3)
  2 kobolds
138 creatures vanquished.

Vanquished Creatures (others)
  A nagaraja (Snake:4)
  A deep elf high priest (Elf:3)
  A salamander tyrant (Snake:4)
  A dancing weapon (Vaults:3)
  A salamander mystic (Snake:2)
  A deep troll (Vaults:3)
  An arcanist (Vaults:2)
  2 deep elf pyromancers (Elf:1)
  3 deep elf zephyrmancers (Elf:3)
  A salamander (Snake:4)
  A guardian serpent (Desolation)
  An unseen horror (D:10)
  A glowing shapeshifter skeleton (Depths:1)
  A wight (D:8)
  An orc (Elf:3)
  2 starspawn tentacles (Abyss:1)
20 creatures vanquished.

Grand Total: 1769 creatures vanquished

Notes
Turn   | Place    | Note
-------+----------+-------------------------------------------
     0 | D:1      | Xavori the Djinni Chaos Knight began the quest for the Orb.
     0 | D:1      | Reached XP level 1. HP: 20/20 MP: 0/0
   159 | D:1      | XOM: silly message
   286 | D:1      | Reached XP level 2. HP: 25/25 MP: 0/0
   699 | D:1      | XOM: 2-stop teleportation journey
   719 | D:1      | XOM: give mutations
   719 | D:1      | Gained mutation: You have a pair of small antennae on your
                  | head. [Xom's grace]
   719 | D:1      | Gained mutation: You are partially covered in iridescent
                  | scales. (AC +2) [Xom's grace]
   719 | D:1      | Gained mutation: You are robust. (+10% HP) [Xom's grace]
   719 | D:1      | Gained mutation: You possess an exceptional clarity of
                  | mind. [Xom's grace]
   897 | D:2      | XOM: confuse monster(s)
   901 | D:2      | Reached XP level 3. HP: 33/33 MP: 0/0
   901 | D:2      | Learned a level 1 spell: Shock
   901 | D:2      | XOM: enchant monster (good)
   944 | D:2      | Reached XP level 4. HP: 28/38 MP: 0/0
  1057 | D:2      | XOM: god gift: 27 gold pieces
  1114 | D:2      | XOM: 1-stop teleportation journey
  1148 | D:2      | XOM: god gift: scroll labelled SITZO MEKHE KEX {god gift}
  1253 | D:2      | XOM: god gift: morningstar {god gift}
  1993 | D:3      | Noticed Robin
  2009 | D:3      | Reached XP level 5. HP: 17/44 MP: 0/0
  2009 | D:3      | Learned a level 2 spell: Searing Ray
  2012 | D:3      | Killed Robin
  2072 | D:3      | XOM: god gift: scroll labelled VOHEF ITICHAR {god gift}
  2190 | D:3      | XOM: stat loss: -1 Dex (13/14)
  2195 | D:3      | Noticed Natasha
  2205 | D:3      | Killed Natasha
  2206 | D:3      | Reached skill level 1 in Spellcasting
  2206 | D:3      | Reached skill level 1 in Conjurations
  2206 | D:3      | Reached skill level 1 in Hexes
  2206 | D:3      | Reached skill level 1 in Summonings
  2206 | D:3      | Reached skill level 1 in Necromancy
  2206 | D:3      | Reached skill level 1 in Translocations
  2206 | D:3      | Reached skill level 1 in Fire Magic
  2206 | D:3      | Reached skill level 1 in Ice Magic
  2206 | D:3      | Reached skill level 1 in Air Magic
  2206 | D:3      | Reached skill level 1 in Earth Magic
  2206 | D:3      | Reached skill level 1 in Alchemy
  2346 | D:3      | Noticed Natasha
  2356 | D:3      | Killed Natasha
  2399 | D:3      | Identified the amulet of Nuawnesh {Acrobat Harm rN+ Slay+3
                  | SInv} (Xom gifted it to you on level 3 of the Dungeon)
  2399 | D:3      | XOM: god gift: amulet of Nuawnesh {Acrobat Harm rN+ Slay+3
                  | SInv}
  2475 | D:3      | Reached skill level 1 in Evocations
  2486 | D:3      | XOM: god gift: 52 gold pieces
  2579 | D:4      | Reached XP level 6. HP: 44/50 MP: 0/0
  2648 | D:4      | Found a glowing drain.
  2665 | Sewer    | Entered a sewer
  2739 | Sewer    | Noticed a crocodile
  2756 | Sewer    | Killed a crocodile
  2757 | Sewer    | Reached XP level 7. HP: 44/56 MP: 0/0
  2757 | Sewer    | Learned a level 3 spell: Gell's Gravitas
  2899 | D:4      | Noticed Menkaure
  2911 | D:4      | XOM: 3-stop teleportation journey
  3059 | D:4      | XOM: cleaving
  3062 | D:4      | XOM: polymorph kobold -> hobgoblin
  3069 | D:4      | Killed Menkaure
  3226 | D:5      | Entered Level 5 of the Dungeon
  3246 | D:5      | Noticed Pikel
  3276 | D:5      | XOM: 1-stop teleportation journey
  3285 | D:5      | Reached skill level 5 in Long Blades
  3335 | D:5      | Found a runed translucent door.
  3336 | D:5      | Noticed Crazy Yiuf
  3434 | D:5      | Reached XP level 8. HP: 63/63 MP: 0/0
  3615 | D:5      | XOM: enchant monster (bad)
  3629 | D:5      | XOM: noise
  3640 | D:5      | Pikel changed into Pikel the hound
  3640 | D:5      | Noticed Pikel
  3640 | D:5      | XOM: polymorph Pikel -> Pikel the hound
  3648 | D:5      | Killed Pikel the hound
  3649 | D:5      | Reached skill level 4 in Fighting
  3708 | D:5      | Found a staircase to the Ecumenical Temple.
  3796 | D:5      | Identified the +2 hand axe of Ateev {spect, rF+++ rN+ rCorr
                  | Int-2}
  3856 | D:5      | Killed Crazy Yiuf
  3864 | D:5      | XOM: give mutations
  3864 | D:5      | Gained mutation: Your flesh is almost immune to the effects
                  | of heat. (rF+++) [Xom's mischief]
  3864 | D:5      | Lost mutation: You have a pair of small antennae on your
                  | head. [Xom's mischief]
  3864 | D:5      | Lost mutation: You possess an exceptional clarity of mind.
                  | [Xom's mischief]
  4257 | D:4      | XOM: silly message
  4266 | D:4      | XOM: scenery: 1 doors close
  4440 | D:6      | XOM: confusion
  4671 | D:6      | Identified the staff of the Dead {rCorr Int+2 Ice Earth}
  4725 | D:6      | XOM: enchant monster (bad)
  4731 | D:6      | Reached XP level 9. HP: 58/69 MP: 0/0
  4731 | D:6      | Learned a level 3 spell: Sigil of Binding
  4825 | D:6      | XOM: give mutations
  4825 | D:6      | Lost mutation: You are robust. (+10% HP) [Xom's mischief]
  4825 | D:6      | Gained mutation: You occasionally lose the ability to read
                  | scrolls when taking damage. [Xom's mischief]
  4913 | D:6      | XOM: swap monsters
  4941 | D:6      | XOM: god gift: +0 glaive of chaos
  4975 | D:6      | XOM: polymorph scorpion -> jackal
  5146 | D:7      | Found a hide-covered altar of Uskayaw.
  5146 | D:7      | Found a blossoming altar of Fedhas.
  5180 | D:7      | Reached skill level 5 in Dodging
  5257 | D:7      | XOM: enchant monster (bad)
  5288 | D:7      | XOM: scenery: create altars
  5356 | D:7      | XOM: 2-stop teleportation journey
  5454 | D:7      | XOM: noise
  5938 | D:8      | Found a glowing silver altar of Zin.
  5946 | D:8      | XOM: cleaving
  5997 | D:8      | Noticed Grum
  6219 | D:7      | XOM: polymorph wolf -> crocodile
  6335 | D:7      | Killed Grum
  6336 | D:7      | Reached skill level 5 in Fighting
  6336 | D:7      | Reached skill level 5 in Evocations
  6336 | D:7      | Reached XP level 10. HP: 64/70 MP: 0/0
  6345 | D:8      | XOM: confusion
  6358 | D:7      | a wolf changed into a harpy
  6358 | D:7      | Noticed a harpy
  6358 | D:7      | XOM: polymorph wolf -> harpy
  6366 | D:7      | Killed a harpy
  6466 | Abyss:1  | Found a corrupted altar of Lugonu.
  6466 | Abyss:1  | Cast into level 1 of the Abyss (Xom)
  6505 | Abyss:1  | Found a corrupted altar of Lugonu.
  6571 | Abyss:1  | Noticed an unseen horror
  6578 | Abyss:1  | Killed an unseen horror
  6618 | Abyss:1  | Noticed a crystal guardian
  6629 | Abyss:1  | XOM: smoke on damage
  6639 | Abyss:1  | Lost mutation: You occasionally lose the ability to read
                  | scrolls when taking damage. [potion of mutation]
  6639 | Abyss:1  | Lost mutation: You are partially covered in iridescent
                  | scales. (AC +2) [potion of mutation]
  6639 | Abyss:1  | Lost mutation: Your flesh is almost immune to the effects
                  | of heat. (rF+++) [potion of mutation]
  6769 | Abyss:1  | Noticed a juggernaut zombie
  6771 | Abyss:1  | Noticed a thrashing horror
  6774 | Abyss:1  | Noticed a rakshasa
  6824 | Abyss:1  | XOM: give mutations
  6824 | Abyss:1  | Gained mutation: You are weak. (Str -2) [Xom's mischief]
  6824 | Abyss:1  | Gained mutation: Your mind is acute. (Int +4, Str/Dex -1)
                  | [Xom's mischief]
  6835 | Abyss:1  | Noticed a tentacled starspawn
  6837 | Abyss:1  | XOM: confuse monster(s)
  6846 | Abyss:1  | Killed a tentacled starspawn
  6849 | D:8      | Escaped the Abyss
  6965 | D:8      | Found a staircase to the Lair.
  7160 | D:8      | XOM: 1-stop teleportation journey
  7161 | D:8      | Identified the +3 long sword "Wiasitij" {elec, Fly Str+2}
  7162 | D:8      | XOM: polymorph kobold brigand -> kobold brigand
  7179 | D:8      | Reached XP level 11. HP: 74/76 MP: 0/0
  7179 | D:8      | Learned a level 4 spell: Summon Lightning Spire
  7524 | D:8      | XOM: noise
  7880 | D:8      | Reached skill level 6 in Fighting
  7903 | D:8      | XOM: 3-stop teleportation journey
  8027 | D:8      | XOM: 3-stop teleportation journey
  8132 | D:8      | Identified a scroll of acquirement
  8132 | D:8      | Acquired 708 gold pieces
  8166 | D:8      | XOM: noise
  8229 | D:9      | Found a basalt altar of Yredelemnul.
  8261 | D:9      | XOM: 3-stop teleportation journey
  8305 | D:9      | XOM: enchant monster (bad)
  8505 | D:9      | XOM: enchant monster (good)
  8507 | D:9      | XOM: cast spell 'Monstrous Menagerie'
  9089 | D:10     | Entered Level 10 of the Dungeon
  9121 | D:10     | Acquired the +2 pair of gloves of the Farrier {Slay+2}
  9210 | D:10     | XOM: enchant monster (bad)
  9212 | D:10     | XOM: cleaving
  9221 | D:10     | Reached skill level 1 in Shields
  9298 | D:10     | XOM: 2-stop teleportation journey
  9345 | D:10     | Paralysed by a gnoll sergeant for 2 turns
  9368 | D:10     | Found a glowing golden altar of the Shining One.
  9437 | D:10     | Noticed a boulder beetle
  9442 | D:10     | XOM: enchant monster (bad)
  9448 | D:10     | XOM: noise
  9451 | D:10     | XOM: fog
  9458 | D:10     | XOM: smoke on damage
  9465 | D:10     | Killed a boulder beetle
  9466 | D:10     | Reached skill level 10 in Long Blades
  9750 | D:10     | Noticed a two-headed ogre
  9929 | D:10     | Found Xuecvi's Weapon Emporium.
  9929 | D:10     | Found a staircase to the Orcish Mines.
  9966 | D:10     | Found Favoc's Armour Emporium.
 10104 | D:10     | XOM: torment (38/78 hp)
 10170 | D:10     | Reached skill level 5 in Armour
 10212 | D:10     | XOM: destruction
 10214 | D:10     | Killed a two-headed ogre
 10215 | D:10     | Reached XP level 12. HP: 71/84 MP: 0/0
 10322 | D:10     | Noticed Fannar
 10330 | D:10     | XOM: fake destruction
 10338 | D:10     | XOM: cleaving
 10342 | D:10     | Identified the amulet "Waitemaa" {-Cast Harm Fly Regen+
                  | Dex+8} (Xom gifted it to you on level 10 of the Dungeon)
 10342 | D:10     | XOM: god gift: amulet "Waitemaa" {-Cast Harm Fly Regen+
                  | Dex+8}
 10346 | D:10     | Killed Fannar
 10375 | D:10     | XOM: divine lightning
 10377 | D:10     | XOM: noise
 10539 | Lair:1   | Entered Level 1 of the Lair of Beasts
 10541 | Lair:1   | XOM: 2-stop teleportation journey
 10549 | Lair:1   | XOM: confuse monster(s)
 10634 | Lair:1   | Noticed a catoblepas
 10641 | Lair:1   | XOM: scenery: create altars
 10647 | Lair:1   | Killed a catoblepas
 10674 | Lair:1   | XOM: 2-stop teleportation journey
 10740 | Lair:1   | XOM: give mutations
 10740 | Lair:1   | Gained mutation: You are partially covered in iridescent
                  | scales. (AC +2) [Xom's grace]
 10740 | Lair:1   | Gained mutation: You have a pair of small horns on your
                  | head. [Xom's grace]
 10746 | Lair:1   | XOM: fog
 10758 | Lair:1   | Reached skill level 5 in Spellcasting
 10758 | Lair:1   | Reached skill level 5 in Conjurations
 10758 | Lair:1   | Reached skill level 5 in Hexes
 10758 | Lair:1   | Reached skill level 5 in Summonings
 10758 | Lair:1   | Reached skill level 5 in Necromancy
 10758 | Lair:1   | Reached skill level 5 in Translocations
 10758 | Lair:1   | Reached skill level 5 in Fire Magic
 10758 | Lair:1   | Reached skill level 5 in Ice Magic
 10758 | Lair:1   | Reached skill level 5 in Air Magic
 10758 | Lair:1   | Reached skill level 5 in Earth Magic
 10758 | Lair:1   | Reached skill level 5 in Alchemy
 10876 | Lair:1   | XOM: scenery: create altars
 10895 | Lair:1   | XOM: summons 1 hostile demon
 11000 | Lair:1   | XOM: swap monsters
 11012 | Lair:1   | a komodo dragon changed into a glowing orange brain
 11012 | Lair:1   | Noticed a glowing orange brain
 11012 | Lair:1   | XOM: polymorph komodo dragon -> glowing orange brain
 11019 | Lair:1   | Reached skill level 7 in Fighting
 11026 | Lair:1   | Killed a glowing orange brain
 11604 | Lair:2   | Noticed a death yak
 11604 | Lair:2   | Noticed a death yak
 11604 | Lair:2   | Noticed a death yak
 11604 | Lair:2   | Noticed a death yak
 11611 | Lair:2   | Noticed a death yak
 11612 | Lair:2   | Noticed a death yak
 11614 | Lair:2   | XOM: repel stairs
 11622 | Lair:1   | XOM: noise
 11630 | Lair:1   | XOM: chaos cloud
 11630 | Lair:1   | Killed a death yak
 11631 | Lair:1   | Killed a death yak
 12238 | Lair:2   | XOM: give mutations
 12238 | Lair:2   | Gained mutation: You passively map a small area around you.
                  | [Xom's mischief]
 12238 | Lair:2   | Lost mutation: Your mind is acute. (Int +4, Str/Dex -1)
                  | [Xom's mischief]
 12238 | Lair:2   | Gained mutation: You are strong-willed. (Will+) [Xom's
                  | mischief]
 12249 | Lair:2   | XOM: enchant monster (bad)
 12263 | Lair:2   | Reached XP level 13. HP: 82/90 MP: 0/0
 12263 | Lair:2   | Learned a level 5 spell: Fireball
 12376 | Lair:2   | XOM: give mutations
 12376 | Lair:2   | Gained mutation: You are agile. (Dex +4, Str/Int -1) [Xom's
                  | grace]
 12376 | Lair:2   | Gained mutation: You are mostly covered in iridescent
                  | scales. (AC +4) [Xom's grace]
 12376 | Lair:2   | Gained mutation: You expend health (3 HP) to strengthen
                  | your wands. [Xom's grace]
 12385 | Lair:2   | Found a staircase to the Snake Pit.
 12403 | Lair:2   | Reached skill level 5 in Shields
 12524 | Lair:2   | XOM: 2-stop teleportation journey
 12768 | Lair:2   | XOM: god gift: 4 boomerangs
 13216 | Lair:3   | Found a blossoming altar of Fedhas.
 13370 | Lair:3   | Found a staircase to the Shoals.
 13381 | Lair:3   | Reached skill level 8 in Fighting
 13387 | Lair:3   | XOM: 3-stop teleportation journey
 13593 | Lair:3   | XOM: fog
 13683 | Lair:3   | XOM: summons friendly quasit
 13854 | Lair:3   | XOM: fake destruction
 13860 | Lair:3   | Reached skill level 10 in Evocations
 14037 | Lair:3   | Reached XP level 14. HP: 79/98 MP: 0/0
 14218 | Lair:3   | XOM: summons friendly iron imp
 14300 | Lair:3   | XOM: cloud trail
 14553 | Lair:3   | XOM: silly message
 14852 | Lair:4   | XOM: silly message
 14872 | Lair:4   | XOM: noise
 15034 | Lair:4   | XOM: noise
 15166 | Lair:4   | XOM: divination: detect creatures
 15284 | Lair:4   | XOM: silly message
 15795 | Lair:4   | XOM: silly message
 15879 | Lair:5   | Entered Level 5 of the Lair of Beasts
 15925 | Lair:5   | XOM: enchant monster (good)
 15971 | Lair:5   | XOM: 1-stop teleportation journey
 15999 | Lair:5   | Reached skill level 10 in Dodging
 16235 | Lair:5   | Found a staircase to the Slime Pits.
 16235 | Lair:5   | XOM: 1-stop teleportation journey
 16303 | Lair:5   | XOM: 2-stop teleportation journey
 16482 | Lair:5   | XOM: summons 8 hostile demons
 16556 | Lair:5   | XOM: summons 8 hostile demons
 16592 | Lair:5   | XOM: give mutations
 16592 | Lair:5   | Gained mutation: You have a pair of horns on your head.
                  | [Xom's mischief]
 16592 | Lair:5   | Gained mutation: You sometimes lose your temper in combat.
                  | [Xom's mischief]
 16592 | Lair:5   | Gained mutation: Your flesh is almost immune to the effects
                  | of heat. (rF+++) [Xom's mischief]
 16882 | Lair:5   | XOM: destruction
 16905 | Lair:5   | XOM: summons 3 hostile shadow creatures
 16939 | Lair:5   | Reached skill level 9 in Fighting
 16984 | Lair:5   | Found a burning altar of Makhleb.
 17013 | Lair:5   | XOM: confusion
 17020 | Lair:5   | XOM: summons 12 friendly demons
 17048 | Lair:5   | XOM: 5-stop teleportation journey
 17117 | Lair:5   | XOM: god gift: glowing ivory wand {god gift}
 17219 | Lair:5   | XOM: fog
 17317 | Lair:5   | Found a gateway to Hell.
 17409 | Lair:5   | XOM: cloud trail
 17412 | Lair:5   | XOM: silly message
 17528 | Orc:1    | Entered Level 1 of the Orcish Mines
 17535 | Orc:1    | XOM: silly message
 17690 | Orc:1    | Reached XP level 15. HP: 86/105 MP: 0/0
 17690 | Orc:1    | Learned a level 6 spell: Sculpt Simulacrum
 17811 | Orc:1    | XOM: divination: detect items
 18080 | Orc:1    | XOM: divination: detect creatures
 18090 | Orc:1    | XOM: silly message
 18136 | Orc:2    | Entered Level 2 of the Orcish Mines
 18142 | Orc:2    | Noticed Maurice
 18291 | Orc:2    | Killed Maurice
 18355 | Orc:2    | Found Upyudwom's Antique Armour Emporium.
 18385 | Orc:2    | XOM: 3-stop teleportation journey
 18488 | Orc:2    | XOM: 1-stop teleportation journey
 18521 | Orc:2    | Found a staircase to the Elven Halls.
 18580 | Orc:2    | Found Foti's Jewellery Shop.
 18580 | Orc:2    | Found Ros Mis's Antique Armour Boutique.
 18580 | Orc:2    | XOM: 2-stop teleportation journey
 19070 | Orc:2    | Found Jianob's General Store.
 19076 | Orc:2    | Found Rinato's Magic Scroll Shoppe.
 19170 | Orc:2    | XOM: silly message
 19269 | Orc:2    | Bought a potion of heal wounds for 55 gold pieces
 19271 | Orc:2    | Bought a scroll of teleportation for 48 gold pieces
 19473 | Orc:2    | XOM: noise
 19548 | Orc:2    | XOM: enchant monster (bad)
 19552 | Orc:2    | XOM: summons 8 hostile demons
 19575 | Orc:2    | XOM: scenery: summon butterflies
 19989 | Orc:2    | XOM: divination: detect items
 20000 | Orc:2    | Found a one-way gate leading to the halls of Pandemonium.
 20022 | Orc:2    | Bought a transparent leather armour for 266 gold pieces
 20022 | Orc:2    | Identified the +2 leather armour of Woippakk {Fly} (You
                  | bought it in a shop on level 2 of the Orcish Mines)
 20086 | Orc:2    | Bought a wand of flame (12) for 92 gold pieces
 20088 | Orc:2    | Bought a scroll of identify for 32 gold pieces
 20088 | Orc:2    | Bought a scroll of identify for 32 gold pieces
 20088 | Orc:2    | Bought a scroll of identify for 32 gold pieces
 20088 | Orc:2    | Bought a scroll of enchant armour for 120 gold pieces
 20088 | Orc:2    | Bought a scroll of enchant weapon for 120 gold pieces
 20088 | Orc:2    | Bought a scroll of enchant weapon for 120 gold pieces
 20088 | Orc:2    | Bought a scroll of revelation for 120 gold pieces
 20088 | Orc:2    | Bought a scroll of revelation for 120 gold pieces
 20139 | D:10     | XOM: stat loss: -1 Int (17/18)
 20463 | D:11     | XOM: polymorph centaur warrior -> jorogumo
 20832 | D:11     | XOM: summons 2 hostile shadow creatures
 20885 | D:12     | Found the +8 Vampire's Tooth {megavamp}
 20940 | D:12     | Found Giqaust Ohuv's Jewellery Boutique.
 20940 | D:12     | Identified the amulet "Huxaik" {RegenMP ^Contam rCorr
                  | Slay+2}
 20947 | D:12     | Bought the ring of Usoifun {rElec rF+ rC++ rN+ Stlth-} for
                  | 948 gold pieces
 20968 | D:12     | XOM: potion effect (invisibility)
 20975 | D:12     | XOM: blink monster(s)
 21033 | D:11     | XOM: god gift: leather armour {god gift}
 21117 | D:12     | Found Jozuviw's General Store.
 21121 | D:12     | Reached skill level 10 in Shields
 21128 | D:12     | Noticed Rupert
 21129 | D:12     | XOM: potion effect (berserk rage)
 21140 | D:12     | Killed Rupert
 21194 | D:12     | Reached skill level 10 in Fighting
 21305 | D:12     | XOM: divination: magic mapping
 21321 | D:12     | XOM: summons 4 friendly demons
 21415 | D:11     | XOM: god gift: pair of glowing boots {god gift}
 21498 | D:12     | XOM: scenery: create altars
 21508 | D:12     | XOM: god gift: 7 gold pieces
 21713 | D:12     | Found Jickuy's Weapon Shoppe.
 21770 | D:12     | XOM: 3-stop teleportation journey
 22156 | D:12     | XOM: cloud trail
 22314 | D:13     | Reached XP level 16. HP: 97/113 MP: 0/0
 22607 | D:13     | XOM: 2-stop teleportation journey
 22745 | D:12     | XOM: give mutations
 22745 | D:12     | Gained mutation: You are very agile. (Dex +8, Str/Int -2)
                  | [Xom's mischief]
 22745 | D:12     | Lost mutation: You have a pair of horns on your head.
                  | [Xom's mischief]
 22745 | D:12     | Lost mutation: You have a pair of small horns on your head.
                  | [Xom's mischief]
 22745 | D:12     | Lost mutation: You are mostly covered in iridescent scales.
                  | (AC +4) [Xom's mischief]
 22916 | D:13     | XOM: chaos cloud
 22978 | D:13     | XOM: chaos upgrade
 22989 | D:12     | XOM: confuse monster(s)
 23427 | D:13     | Found a gate to the Vaults.
 23438 | D:13     | XOM: noise
 23590 | D:13     | XOM: draining
 23613 | D:13     | XOM: give mutation
 23613 | D:13     | Gained mutation: Your body sometimes deteriorates upon
                  | taking damage. [Xom's mischief]
 24034 | D:13     | XOM: stat loss: -1 Str (8/9)
 24248 | D:14     | XOM: confusion
 24258 | D:14     | XOM: swap monsters
 24260 | D:14     | XOM: enchant monster (bad)
 24287 | D:14     | XOM: confusion
 24291 | D:14     | XOM: chaos upgrade
 24298 | D:14     | XOM: potion effect (haste)
 24319 | D:14     | HP: 5/115 [rakshasa/+0 long sword (11)]
 24389 | D:14     | XOM: 4-stop teleportation journey
 24584 | D:14     | XOM: silly message
 24709 | D:14     | XOM: silly message
 24954 | D:14     | XOM: silly message
 24976 | D:14     | XOM: 3-stop teleportation journey
 25509 | D:15     | Entered Level 15 of the Dungeon
 25539 | D:15     | XOM: fog
 25853 | D:15     | XOM: god gift: 59 gold pieces
 25884 | D:15     | XOM: enchant monster (bad)
 25937 | D:15     | XOM: divination: detect creatures
 26056 | D:15     | Noticed a tengu reaver
 26073 | D:15     | Killed a tengu reaver
 26188 | D:15     | XOM: enchant monster (good)
 26193 | D:15     | XOM: potion effect (invisibility)
 26201 | D:15     | Reached skill level 11 in Fighting
 26407 | D:15     | XOM: divination: detect items
 26411 | D:15     | XOM: noise
 26417 | D:15     | XOM: divination: magic mapping
 26421 | D:15     | XOM: summons friendly quasit
 26440 | D:15     | XOM: fake destruction
 26522 | D:14     | XOM: give mutations
 26522 | D:14     | Gained mutation: You are partially covered in large bone
                  | plates. (SH +4) [Xom's grace]
 26522 | D:14     | Gained mutation: You passively dampen the noise of your
                  | surroundings. [Xom's grace]
 26522 | D:14     | Gained mutation: You have a pair of small horns on your
                  | head. [Xom's grace]
 26649 | D:15     | XOM: cleaving
 26662 | D:15     | XOM: polymorph brown ugly thing -> green ugly thing
 26735 | D:15     | XOM: confusion
 26741 | D:15     | XOM: swap monsters
 26770 | D:15     | Found a staircase to the Depths.
 27131 | D:14     | XOM: summons 3 hostile shadow creatures
 27353 | Lair:2   | XOM is BORED!
 27394 | Snake:1  | Entered Level 1 of the Snake Pit
 27401 | Snake:1  | XOM: divination: detect creatures
 27409 | Snake:1  | XOM: enchant monster (good)
 27526 | Snake:1  | XOM: polymorph naga warrior -> spriggan
 27550 | Snake:1  | Found Xuecvi's Distillery.
 27554 | Snake:1  | XOM: silly message
 27563 | Snake:1  | Reached XP level 17. HP: 120/121 MP: 0/0
 27563 | Snake:1  | Learned a level 7 spell: Haunt
 27564 | Snake:1  | Found Daqie's Jewellery Shoppe.
 27565 | Snake:1  | Found Minauc's Armour Shoppe.
 27566 | Snake:1  | Found Muwuut's Jewellery Shoppe.
 27573 | Snake:1  | Bought a potion of heal wounds for 80 gold pieces
 27573 | Snake:1  | Bought a potion of resistance for 160 gold pieces
 27573 | Snake:1  | Bought a potion of mutation for 128 gold pieces
 27573 | Snake:1  | Bought a potion of mutation for 128 gold pieces
 27573 | Snake:1  | Bought a potion of might for 64 gold pieces
 27573 | Snake:1  | Bought 2 potions of might for 128 gold pieces
 27608 | Snake:1  | XOM: silly message
 27797 | Snake:1  | XOM: silly message
 27844 | Snake:1  | Found Ykuami's Tremendous Tomes.
 28040 | Snake:1  | XOM: divination: magic mapping
 28186 | Snake:1  | XOM: polymorph anaconda -> shapeshifter
 28346 | Snake:2  | XOM: polymorph naga sharpshooter -> shapeshifter
 28586 | Snake:2  | Identified the ring of Day {rF+ rC- MP+9 Dex+3}
 28629 | Snake:2  | Reached skill level 12 in Fighting
 28645 | Snake:2  | XOM: cast spell 'Leda's Liquefaction'
 28671 | Snake:2  | XOM: god gift: 4 stones
 28673 | Snake:2  | XOM: summons 16 friendly demons
 29231 | Snake:2  | XOM: repel stairs
 29563 | Snake:2  | Found Begownic's Antique Weapon Boutique.
 29686 | Snake:2  | Bought a runed scimitar for 203 gold pieces
 29789 | Snake:2  | XOM: give mutations
 29789 | Snake:2  | Lost mutation: You are partially covered in iridescent
                  | scales. (AC +2) [Xom's mischief]
 29789 | Snake:2  | Lost mutation: You are partially covered in large bone
                  | plates. (SH +4) [Xom's mischief]
 29798 | Snake:3  | XOM: noise
 29805 | Snake:3  | XOM: snakes to sticks
 30173 | Snake:3  | XOM: confuse monster(s)
 30335 | Snake:3  | XOM: polymorph naga -> river rat
 30563 | Snake:3  | XOM: god gift: pearl ring {god gift}
 30807 | Snake:3  | XOM: snakes to sticks
 30968 | Snake:4  | Entered Level 4 of the Snake Pit
 30988 | Snake:4  | Reached skill level 10 in Spellcasting
 30988 | Snake:4  | Reached skill level 10 in Conjurations
 30988 | Snake:4  | Reached skill level 10 in Hexes
 30988 | Snake:4  | Reached skill level 10 in Summonings
 30988 | Snake:4  | Reached skill level 10 in Necromancy
 30988 | Snake:4  | Reached skill level 10 in Translocations
 30988 | Snake:4  | Reached skill level 10 in Fire Magic
 30988 | Snake:4  | Reached skill level 10 in Ice Magic
 30988 | Snake:4  | Reached skill level 10 in Air Magic
 30988 | Snake:4  | Reached skill level 10 in Earth Magic
 30988 | Snake:4  | Reached skill level 10 in Alchemy
 30988 | Snake:4  | Reached XP level 18. HP: 131/131 MP: 0/0
 31011 | Snake:4  | XOM: scenery: summon butterflies
 31019 | Snake:4  | XOM: smoke on damage
 31092 | Snake:3  | XOM: god gift: wand of roots (6)
 31409 | Snake:4  | Found a runed translucent door.
 31409 | Snake:4  | Found a shimmering altar of Xom.
 31409 | Snake:4  | Noticed Dadghomedgh's ghost (adept GnHW)
 31439 | Snake:4  | Reached skill level 13 in Fighting
 31440 | Snake:4  | Reached XP level 19. HP: 62/138 MP: 0/0
 31440 | Snake:4  | Learned a level 7 spell: Ozocubu's Refrigeration
 31520 | Snake:4  | XOM: polymorph naga -> glowing shapeshifter
 31716 | Snake:4  | XOM: scenery: 1 doors open
 31742 | Snake:4  | XOM: snakes to sticks
 31758 | Snake:4  | XOM: summons friendly crimson imp
 31761 | Snake:4  | XOM: summons friendly quasit
 31826 | Snake:2  | XOM: summons 10 hostile demons
 31830 | Snake:3  | HP: 1/138 [black mamba (14)]
 31868 | Snake:3  | XOM: cloud trail
 32105 | Snake:4  | XOM: chaos upgrade
 32471 | Snake:4  | XOM: cast spell 'Animate Armour'
 32472 | Snake:4  | XOM: noise
 32737 | Snake:4  | XOM: noise
 32749 | Snake:4  | XOM: blink monster(s)
 32829 | Snake:4  | XOM: potion effect (heal wounds)
 32867 | Snake:4  | XOM: divination: magic mapping
 33525 | Snake:3  | XOM: give mutation
 33525 | Snake:3  | Gained mutation: You have supernaturally acute eyesight.
                  | (SInv) [Xom's grace]
 33665 | Snake:4  | XOM: polymorph mana viper -> shapeshifter
 33670 | Snake:3  | XOM: scenery: summon butterflies
 33803 | Snake:4  | Reached skill level 15 in Dodging
 33957 | Snake:4  | XOM: divine lightning
 33976 | Snake:4  | XOM: summons 9 friendly demons
 33992 | Snake:4  | XOM: cast spell 'Summon Horrible Things'
 33993 | Snake:4  | XOM: divine lightning
 34253 | Snake:4  | Got a serpentine rune of Zot
 34355 | Snake:4  | XOM: god gift: staff of air
 34454 | Snake:4  | Killed Dadghomedgh's ghost
 34484 | Snake:4  | Identified the +2 falchion "Huofor" {protect, Fly rN++
                  | Int-5}
 34782 | Shoals:1 | Entered Level 1 of the Shoals
 35047 | Shoals:1 | XOM: potion effect (attraction)
 35176 | Shoals:1 | XOM: god gift: 56 gold pieces
 35231 | Shoals:1 | XOM: 3-stop teleportation journey
 35377 | Snake:1  | Bought the +0 troll leather armour "Cexzugaun" {rF- Regen+
                  | rCorr Dex+10} for 582 gold pieces
 35396 | Snake:1  | XOM: divination: detect creatures
 35733 | Shoals:1 | XOM: god gift: phial of floods
 35869 | Shoals:2 | Noticed Polyphemus
 35875 | Shoals:2 | XOM: summons 3 friendly demons
 35878 | Shoals:2 | XOM: enchant monster (good)
 36133 | Shoals:2 | XOM: summons 2 friendly demons
 36352 | Shoals:2 | Killed Polyphemus
 36526 | Shoals:2 | Reached skill level 14 in Fighting
 36530 | Shoals:2 | XOM: confuse monster(s)
 36749 | Shoals:2 | XOM: polymorph faun -> entropy weaver
 36760 | Shoals:2 | XOM: destruction
 36978 | Shoals:2 | XOM: silly message
 37536 | Elf:1    | Entered Level 1 of the Elven Halls
 37536 | Elf:1    | XOM: summons 4 hostile shadow creatures
 37537 | Elf:1    | XOM: confusion
 37753 | Elf:1    | XOM: chaos upgrade
 37764 | Elf:1    | XOM: give mutations
 37764 | Elf:1    | Lost mutation: Your body sometimes deteriorates upon taking
                  | damage. [Xom's mischief]
 37764 | Elf:1    | Lost mutation: Your flesh is almost immune to the effects
                  | of heat. (rF+++) [Xom's mischief]
 37769 | Elf:1    | XOM: swap monsters
 37779 | Elf:1    | XOM: give mutation
 37779 | Elf:1    | Gained mutation: Potions are less effective at restoring
                  | your health. [Xom's mischief]
 37827 | Elf:1    | Identified the +6 scale mail "Uqesoali" {Fly rC+ Int-4
                  | SInv}
 37829 | Elf:1    | XOM: potion effect (heal wounds)
 37978 | Elf:1    | XOM: potion effect (heal wounds)
 38049 | Elf:1    | XOM: silly message
 38110 | Elf:1    | XOM: potion effect (heal wounds)
 38111 | Elf:1    | XOM: confusion (+ monsters)
 38114 | Elf:1    | XOM: summons 15 friendly demons
 38127 | Elf:1    | XOM: divination: detect creatures
 38154 | Elf:1    | Reached XP level 20. HP: 112/148 MP: 0/0
 38226 | Elf:1    | XOM: scenery: 2 doors open, 1 doors close
 38310 | Elf:1    | XOM: enchant monster (good)
 38372 | Elf:1    | XOM: summons friendly quasit
 38377 | Elf:1    | XOM: summons friendly white imp
 38692 | Elf:2    | Found a runed translucent gate.
 38692 | Elf:2    | Found a runed translucent gate.
 38693 | Elf:2    | Found a runed translucent gate.
 39067 | Elf:2    | XOM: polymorph deep elf archer -> queen bee
 39069 | Elf:2    | XOM: cast spell 'Olgreb's Toxic Radiance'
 39186 | Elf:2    | Found a portal to a secret trove of treasure.
 39211 | Elf:2    | XOM: silly message
 39302 | Elf:2    | XOM: blink monster(s)
 39334 | Elf:2    | XOM: polymorph deep elf pyromancer -> shock serpent
 39495 | Elf:2    | XOM: chaos upgrade
 39545 | Elf:2    | Reached skill level 15 in Fighting
 39607 | Elf:2    | XOM: silly message
 39785 | Elf:2    | XOM: cleaving
 39799 | Elf:2    | XOM: fog
 39948 | Elf:3    | Entered Level 3 of the Elven Halls
 39973 | Elf:3    | XOM: scenery: 1 doors close
 39994 | Elf:3    | Noticed Donald
 39999 | Elf:3    | XOM: cast spell 'Metabolic Englaciation'
 40000 | Elf:3    | XOM: smoke on damage
 40002 | Elf:3    | XOM: fog
 40015 | Elf:3    | Killed Donald
 40354 | Elf:3    | XOM: chaos upgrade
 40389 | Elf:3    | XOM: silly message
 40442 | Elf:3    | XOM: give mutations
 40442 | Elf:3    | Lost mutation: Potions are less effective at restoring your
                  | health. [Xom's mischief]
 40442 | Elf:3    | Gained mutation: You are dopey. (Int -2) [Xom's mischief]
 40442 | Elf:3    | Lost mutation: You passively dampen the noise of your
                  | surroundings. [Xom's mischief]
 40442 | Elf:3    | Lost mutation: You are dopey. (Int -2) [Xom's mischief]
 40504 | Elf:3    | Noticed Nikola
 40518 | Elf:3    | Killed Nikola
 40623 | Elf:3    | XOM: polymorph deep elf demonologist -> deep elf
                  | demonologist
 40647 | Elf:3    | Identified the +1 great mace of Teza {freeze, *Slow Int+3}
 40651 | Elf:3    | XOM: enchant monster (bad)
 40680 | Elf:3    | Noticed an Ice Fiend
 40681 | Elf:3    | XOM: butterfly on damage
 40686 | Elf:3    | XOM: noise
 40836 | Elf:3    | XOM: give mutations
 40836 | Elf:3    | Lost mutation: You have a pair of small horns on your head.
                  | [Xom's mischief]
 40836 | Elf:3    | Lost mutation: You are strong-willed. (Will+) [Xom's
                  | mischief]
 40836 | Elf:3    | Lost mutation: You are very agile. (Dex +8, Str/Int -2)
                  | [Xom's mischief]
 40836 | Elf:3    | Lost mutation: You sometimes lose your temper in combat.
                  | [Xom's mischief]
 41030 | Elf:3    | XOM: god gift: 47 gold pieces
 41101 | Elf:3    | XOM: god gift: 221 gold pieces
 41263 | Elf:3    | XOM: scenery: 1 doors close
 41278 | Elf:3    | XOM: fog
 41316 | Elf:3    | Reached XP level 21. HP: 114/157 MP: 0/0
 41316 | Elf:3    | Learned a level 8 spell: Borgnjor's Revivification
 41316 | Elf:3    | XOM: silly message
 41383 | Elf:3    | Identified the +0 rapier of the Original Sin {antimagic,
                  | ^Drain rElec rCorr SInv}
 41398 | Elf:3    | Identified the +1 morningstar of the World {elec, Str+2
                  | Dex+2}
 41405 | Elf:3    | Identified the +6 dagger of the Hall of Blades {venom,
                  | rElec Dex+5}
 41414 | Elf:3    | XOM: confuse monster(s)
 41466 | Elf:3    | XOM: enchant monster (good)
 41467 | Elf:3    | XOM: summons 3 friendly demons
 41533 | Elf:3    | XOM: noise
 41562 | Elf:3    | Identified the +6 scale mail of Qazlal's Pride {MP+9 Str+4}
 41695 | Elf:3    | Found Yblel's Jewellery Shop.
 41755 | Elf:3    | Identified the +2 quarterstaff "Ogrebane" {vamp, rC+}
 41769 | Elf:3    | XOM: enchant monster (bad)
 41811 | Elf:3    | Identified the +7 battleaxe of Prudence {freeze, rN+ rCorr
                  | Int+3}
 41878 | Elf:3    | XOM: enchant monster (good)
 41903 | Elf:3    | XOM: give mutations
 41903 | Elf:3    | Gained mutation: You have a pair of small horns on your
                  | head. [Xom's grace]
 41903 | Elf:3    | Gained mutation: You possess an exceptional clarity of
                  | mind. [Xom's grace]
 41903 | Elf:3    | Gained mutation: Your mind is acute. (Int +4, Str/Dex -1)
                  | [Xom's grace]
 41903 | Elf:3    | Lost mutation: You are weak. (Str -2) [Xom's grace]
 42037 | Elf:3    | XOM: confuse monster(s)
 42116 | Elf:3    | XOM: 2-stop teleportation journey
 42381 | Depths:1 | Entered Level 1 of the Depths
 42396 | D:15     | XOM: scenery: summon butterflies
 42401 | D:15     | XOM: noise
 42408 | D:15     | XOM: give mutations
 42408 | D:15     | Lost mutation: Your mind is acute. (Int +4, Str/Dex -1)
                  | [Xom's mischief]
 42408 | D:15     | Lost mutation: You expend health (3 HP) to strengthen your
                  | wands. [Xom's mischief]
 42408 | D:15     | Gained mutation: You are somewhat resistant to further
                  | mutation. [Xom's mischief]
 42421 | Depths:1 | XOM: summons friendly shadow imp
 42424 | D:15     | XOM: noise
 42629 | D:14     | XOM: divination: detect items
 42922 | D:15     | XOM: summons 2 friendly demons
 43064 | D:15     | Reached skill level 16 in Fighting
 43308 | D:15     | XOM: silly message
 43323 | D:15     | Paralysed by a vampire knight for 2 turns
 43460 | Depths:1 | XOM: noise
 43639 | Depths:1 | XOM: 1-stop teleportation journey
 43739 | Depths:1 | Found a one-way gate to the infinite horrors of the Abyss.
 43739 | Depths:1 | XOM: 4-stop teleportation journey
 43756 | Depths:1 | XOM: swap monsters
 43868 | Depths:1 | XOM: divination: detect items
 43872 | Depths:1 | XOM: enchant monster (good)
 43971 | Depths:1 | XOM: cloud trail
 44023 | Depths:1 | Found a one-way gateway to a ziggurat.
 44116 | Depths:1 | XOM: give mutations
 44116 | Depths:1 | Gained mutation: You are partially covered in iridescent
                  | scales. (AC +2) [Xom's grace]
 44116 | Depths:1 | Gained mutation: You are mostly covered in iridescent
                  | scales. (AC +4) [Xom's grace]
 44145 | Depths:1 | Found a hide-covered altar of Uskayaw.
 44299 | Vaults:1 | Entered Level 1 of the Vaults
 44318 | Vaults:1 | XOM: cleaving
 44323 | Vaults:1 | XOM: enchant monster (good)
 44519 | Vaults:1 | XOM: cleaving
 44561 | Vaults:1 | XOM: cleaving
 44562 | Vaults:1 | XOM: butterfly on damage
 44572 | Vaults:1 | XOM: scenery: 1 doors open
 44577 | Vaults:1 | XOM: summons 8 friendly demons
 44697 | Vaults:1 | XOM: fog
 44739 | Vaults:1 | XOM: give mutation
 44739 | Vaults:1 | Gained mutation: You expend health (3 HP) to strengthen
                  | your wands. [Xom's grace]
 44793 | Vaults:1 | XOM: confuse monster(s)
 44803 | Vaults:1 | Reached XP level 22. HP: 165/165 MP: 0/0
 45021 | Vaults:1 | XOM: 7-stop teleportation journey
 45022 | Vaults:1 | You are sucked into a shaft and drop 1 floor!
 45047 | Vaults:2 | XOM: god gift: morningstar {god gift}
 45128 | Vaults:1 | XOM: scenery: 2 doors open, 1 doors close
 45201 | Vaults:1 | XOM: fog
 45210 | Vaults:1 | XOM: cleaving
 45221 | Vaults:1 | XOM: destruction
 45223 | Vaults:1 | XOM: summons 6 friendly demons
 45502 | Vaults:1 | XOM: 1-stop teleportation journey
 45780 | Vaults:2 | XOM: enchant monster (bad)
 45794 | Vaults:2 | XOM: swap monsters
 45815 | Vaults:2 | Reached skill level 17 in Fighting
 45815 | Vaults:2 | XOM: silly message
 45818 | Vaults:2 | XOM: chaos cloud
 45823 | Vaults:2 | Paralysed by you for 1 turns
 45873 | Vaults:2 | XOM: chaos cloud
 45892 | Vaults:2 | XOM: give mutations
 45892 | Vaults:2 | Lost mutation: You passively map a small area around you.
                  | [Xom's mischief]
 45892 | Vaults:2 | Gained mutation: Your muscles are strong. (Str +4, Int/Dex
                  | -1) [Xom's mischief]
 45892 | Vaults:2 | Lost mutation: You expend health (3 HP) to strengthen your
                  | wands. [Xom's mischief]
 45956 | Vaults:2 | XOM: noise
 46112 | Vaults:2 | XOM: god gift: 3 stones
 46130 | Vaults:2 | Found a staircase to the Crypt.
 46506 | Vaults:2 | XOM: summons 12 hostile demons
 46537 | Vaults:2 | XOM: give mutations
 46537 | Vaults:2 | Lost mutation: You are somewhat resistant to further
                  | mutation. [Xom's mischief]
 46537 | Vaults:2 | Gained mutation: You have hidden genetic potential. [Xom's
                  | mischief]
 46537 | Vaults:2 | Lost mutation: You have a pair of small horns on your head.
                  | [Xom's mischief]
 46537 | Vaults:2 | Gained mutation: You are robust. (+10% HP) [Xom's mischief]
 46537 | Vaults:2 | Gained mutation: You are dopey. (Int -2) [Xom's mischief]
 46548 | Vaults:2 | XOM: chaos cloud
 46552 | Vaults:2 | Paralysed by you for 1 turns
 46726 | Vaults:2 | Found Etosm's Antique Armour Shoppe.
 46977 | Vaults:3 | Noticed Asterion
 46977 | Vaults:3 | XOM: destruction
 47003 | Vaults:3 | Killed Asterion
 47024 | Vaults:3 | XOM: enchant monster (bad)
 47026 | Vaults:3 | XOM: divination: magic mapping
 47273 | Vaults:3 | XOM: enchant monster (good)
 47422 | Vaults:3 | XOM: give mutations
 47422 | Vaults:3 | Lost mutation: You are dopey. (Int -2) [Xom's mischief]
 47422 | Vaults:3 | Lost mutation: Your muscles are strong. (Str +4, Int/Dex
                  | -1) [Xom's mischief]
 47433 | Vaults:3 | XOM: potion effect (heal wounds)
 47441 | Vaults:3 | XOM: fog
 47622 | Vaults:3 | XOM: cloud trail
 47667 | Vaults:3 | XOM: stat loss: -1 Dex (28/29)
 47789 | Vaults:3 | XOM: summons 6 friendly demons
 47868 | Vaults:3 | XOM: divine lightning
 47893 | Vaults:3 | Reached skill level 15 in Shields
 47902 | Vaults:3 | XOM: confuse monster(s)
 47910 | Vaults:3 | Reached XP level 23. HP: 177/192 MP: 0/0
 47910 | Vaults:3 | Learned a level 8 spell: Infestation
 48460 | Vaults:3 | XOM: summons friendly crimson imp
 48549 | Vaults:3 | XOM: divine lightning
 48764 | Vaults:4 | XOM: god gift: pearl dragon scales {god gift}
 48768 | Vaults:4 | Reached skill level 18 in Fighting
 48770 | Vaults:4 | XOM: scenery: 1 doors close
 48771 | Vaults:4 | XOM: summons 13 friendly demons
 48830 | Vaults:4 | Found a crumbling gateway.
 48860 | Desolati | Entered the Desolation of Salt
 48962 | Desolati | XOM: summons 12 hostile demons
 48968 | Desolati | XOM: polymorph orange demon -> sun demon
 49102 | Desolati | XOM: summons 11 hostile demons
 49152 | Desolati | XOM: scenery: create altars
 49165 | Desolati | Identified the +2 hat "Ymoefig" {Fly Str-5 SInv}
 49179 | Desolati | Identified the +0 chain mail of Impish the Leaf {rPois
                  | Will+ Regen+}
 49249 | Desolati | XOM: fog
 49534 | Desolati | XOM: 4-stop teleportation journey
 49570 | Desolati | XOM: 2-stop teleportation journey
 49574 | Desolati | Reached skill level 15 in Spellcasting
 49574 | Desolati | Reached skill level 15 in Conjurations
 49574 | Desolati | Reached skill level 15 in Hexes
 49574 | Desolati | Reached skill level 15 in Summonings
 49574 | Desolati | Reached skill level 15 in Necromancy
 49574 | Desolati | Reached skill level 15 in Translocations
 49574 | Desolati | Reached skill level 15 in Fire Magic
 49574 | Desolati | Reached skill level 15 in Ice Magic
 49574 | Desolati | Reached skill level 15 in Air Magic
 49574 | Desolati | Reached skill level 15 in Earth Magic
 49574 | Desolati | Reached skill level 15 in Alchemy
 49583 | Desolati | Gained mutation: You are strong-willed. (Will+) [hidden
                  | potential]
 49631 | Desolati | XOM: 1-stop teleportation journey
 49770 | Desolati | Identified the +0 pair of boots "Kyosinni" {-Tele Harm
                  | rCorr}
 49772 | Desolati | Identified the +1 scale mail of Cheibriados's Grace {Int+7
                  | Dex-3 Stlth+}
 49773 | Desolati | Identified the +12 gold dragon scales "Peoklil" {Harm
                  | ^Drain rPois rF+ rC+ rN++ rCorr}
 50007 | Vaults:4 | XOM: 2-stop teleportation journey
 50131 | Vaults:4 | XOM: silly message
 50152 | Vaults:4 | XOM: summons 10 hostile demons
 50218 | Vaults:4 | XOM: cast spell 'Fugue of the Fallen'
 50221 | Vaults:4 | XOM: summons 2 friendly demons
 50223 | Vaults:4 | XOM: enchant monster (good)
 50436 | Vaults:4 | XOM: 7-stop teleportation journey
 50485 | Vaults:4 | XOM: enchant monster (bad)
 50663 | Vaults:4 | XOM: 1-stop teleportation journey
 50920 | Vaults:4 | Reached skill level 10 in Armour
 51346 | Depths:2 | XOM: 4-stop teleportation journey
 51503 | Depths:2 | XOM: polymorph fire dragon -> jorogumo
 51548 | Depths:2 | XOM: polymorph necromancer -> bunyip
 51555 | Depths:2 | XOM: swap monsters
 51561 | Depths:2 | Reached XP level 24. HP: 120/201 MP: 0/0
 51592 | Depths:2 | XOM: summons 1 hostile demon
 52023 | Depths:2 | Identified the ring of Suridgh {rF+ rCorr Str+7 Dex+2
                  | Stlth-}
 52316 | Depths:2 | XOM: 4-stop teleportation journey
 52452 | Depths:2 | Identified the +3 trident of Somewhere Else {antimagic,
                  | Str+3 SInv}
 52570 | Depths:2 | XOM: swap monsters
 52631 | Depths:2 | Identified the +6 whip of Exquisite Torment {protect, rElec
                  | Str+9 Int-4 Stlth-}
 52765 | Depths:2 | XOM: chaos cloud
 52779 | Depths:2 | XOM: swap monsters
 53058 | Depths:2 | XOM: polymorph ice dragon -> formless jellyfish
 53061 | Depths:2 | XOM: silly message
 53090 | Depths:2 | XOM: enchant monster (bad)
 53225 | Depths:2 | XOM: stat loss: -1 Int (20/21)
 53500 | Depths:2 | XOM: swap monsters
 53773 | Depths:2 | Noticed Margery
 53786 | Depths:2 | Killed Margery
 53796 | Depths:2 | Gained mutation: Your spells are a little harder to cast,
                  | but a little more powerful. [hidden potential]
 53796 | Depths:2 | Lost mutation: You have hidden genetic potential. [hidden
                  | potential expressed]
 53928 | Depths:2 | XOM: stat loss: -1 Str (18/19)
 54061 | Abyss:3  | Cast into level 3 of the Abyss (Xom)
 54211 | Abyss:3  | XOM: swap monsters
 54315 | Depths:1 | Escaped the Abyss
 54463 | Crypt:1  | Entered Level 1 of the Crypt
 54645 | Crypt:1  | XOM: summons friendly crimson imp
 54671 | Crypt:1  | XOM: noise
 54703 | Crypt:1  | XOM: 1-stop teleportation journey
 55048 | Crypt:1  | XOM: swap monsters
 55067 | Crypt:1  | XOM: give mutation
 55067 | Crypt:1  | Gained mutation: You occasionally lose the ability to drink
                  | potions when taking damage. [Xom's mischief]
 55073 | Crypt:1  | XOM: blink monster(s)
 55159 | Crypt:1  | XOM: enchant monster (good)
 55210 | Crypt:1  | XOM: summons 13 hostile demons
 55322 | Crypt:1  | Reached XP level 25. HP: 203/207 MP: 0/0
 55322 | Crypt:1  | Learned a level 8 spell: Disjunction
 55369 | Crypt:1  | XOM: give mutations
 55369 | Crypt:1  | Gained mutation: You have sharp fingernails. [Xom's
                  | mischief]
 55369 | Crypt:1  | Gained mutation: Your mind is acute. (Int +4, Str/Dex -1)
                  | [Xom's mischief]
 55369 | Crypt:1  | Gained mutation: You occasionally shout uncontrollably at
                  | your foes. [Xom's mischief]
 55422 | Crypt:1  | XOM: smoke on damage
 55461 | Crypt:1  | XOM: divination: detect items
 55544 | Crypt:1  | Found a basalt altar of Yredelemnul.
 56485 | Crypt:2  | XOM: noise
 56510 | Crypt:2  | Reached skill level 1 in Shapeshifting
 56739 | Crypt:3  | XOM: stealth player
 56739 | Crypt:3  | Entered Level 3 of the Crypt
 56931 | Crypt:3  | XOM: draining
 57142 | Crypt:3  | Noticed Zenata
 57254 | Crypt:3  | Killed Zenata
 57535 | Crypt:3  | Identified the ring "Juymyn" {^Contam rF+ rN+ Will++ rCorr}
 57535 | Crypt:3  | Identified the ring "Huanoel" {*Corrode rPois rF+ rN+
                  | Stlth+}
 57539 | Crypt:3  | Identified the +1 dagger of Wyrd {pain, Will+}
 57542 | Crypt:3  | Identified the staff of Inference {rF+ rN+ Necro Earth}
 57657 | Crypt:3  | XOM: enchant monster (bad)
 57814 | Crypt:3  | Found the +8 mithril axe "Arga" {speed, Will+}
 58040 | Crypt:3  | Reached skill level 19 in Fighting
 58045 | Crypt:3  | Identified the +0 ring mail "Xoozoodd" {rPois rC+ Int+3
                  | Dex-5}
 58295 | Crypt:3  | Noticed an ancient lich
 58314 | Crypt:3  | Killed an ancient lich
 58338 | Crypt:3  | XOM: summons 1 hostile demon
 58443 | Crypt:3  | Found a staircase to the Tomb.
 58460 | Crypt:3  | Noticed an ancient lich
 58471 | Crypt:3  | Killed an ancient lich
 58472 | Crypt:3  | XOM: silly message
 58475 | Crypt:3  | Found the +7 great mace "Undeadhunter" {deathbane, rN+}
 58520 | Crypt:3  | XOM: blink monster(s)
 58731 | Crypt:3  | XOM: cloud trail
 58806 | Crypt:3  | XOM: blink monster(s)
 58830 | Crypt:3  | XOM: fog
 59013 | Vaults:5 | Entered Level 5 of the Vaults
 59143 | Vaults:5 | XOM: fog
 59148 | Vaults:4 | XOM: summons friendly quasit
 59239 | Vaults:5 | XOM: potion effect (brilliance)
 59454 | Vaults:4 | XOM: give mutation
 59454 | Vaults:4 | Lost mutation: Your mind is acute. (Int +4, Str/Dex -1)
                  | [Xom's mischief]
 59475 | Vaults:5 | XOM: summons 7 hostile demons
 59483 | Vaults:4 | XOM: give mutations
 59483 | Vaults:4 | Lost mutation: You occasionally shout uncontrollably at
                  | your foes. [Xom's mischief]
 59483 | Vaults:4 | Lost mutation: Your spells are a little harder to cast, but
                  | a little more powerful. [Xom's mischief]
 59483 | Vaults:4 | Lost mutation: You are strong-willed. (Will+) [Xom's
                  | mischief]
 59483 | Vaults:4 | Lost mutation: You possess an exceptional clarity of mind.
                  | [Xom's mischief]
 59637 | Vaults:5 | XOM: fake destruction
 59704 | Vaults:5 | XOM: confusion (+ monsters)
 59732 | Vaults:5 | XOM: noise
 59753 | Vaults:5 | Reached XP level 26. HP: 73/215 MP: 0/0
 59753 | Vaults:5 | XOM: potion effect (brilliance)
 59763 | Vaults:5 | XOM: divination: magic mapping
 59769 | Vaults:5 | XOM: enchant monster (bad)
 59778 | Vaults:5 | XOM: noise
 59778 | Vaults:5 | Noticed an ancient lich
 59783 | Vaults:5 | XOM: summons friendly crimson imp
 59820 | Vaults:5 | Slain by a frost giant

Illustrated notes

Levels and vault maps discovered:
D:1:      dpeg_arrival_tiny_d, layout_loops_corners
D:2:      minmay_angry_zag, layout_basic, st_stairs_12, nicolae_half_adder
D:3:      layout_basic, nicolae_figureground_sparkle, uniq_robin, uniq_natasha
D:4:      layout_basic, cheibrodos_sewer_entry_drain, uniq_menkaure
D:5:      layout_basic, minmay_temple_entry_from_below_b, uniq_pikel,
          uniq_crazy_yiuf_cottage
D:6:      layout_loops_ring
D:7:      layout_loops_ring, grunt_temple_overflow_open
D:8:      minmay_clustersquares, layout_basic, mainiacjoe_overflow_boulevard,
          dpeg_oklobed_lair, uniq_grum
D:9:      layout_roguey, kennysheep_little_box, serial_glass, glass_columns_b,
          glass_columns_a
D:10:     layout_irregular_city, mainiacjoe_overflow_alcove_2, orc_david_3,
          serial_glass, glass_columns_a, glass_columns_a, uniq_fannar
D:11:     layout_roguey
D:12:     layout_long_grid, serial_shops, nicolae_shop_tiny_statue_garden, shop,
          nicolae_diamond_shop, uniq_rupert
D:13:     dragon1_lemuel, layout_basic, skrybe_vaults_entry_preservation,
          minmay_hollow_rounded_squares
D:14:     layout_cave_pods
D:15:     grunt_enter_depths_hoard, layout_basic, nicolae_sif_muna_condensation,
          hangedman_corner_corridor
Lair:1:   layout_cave_pods
Lair:2:   dreamdust_cave_troll, layout_loops_ring,
          minmay_snake_entry_six_corridors
Lair:3:   nzn_winding_woodlands_small [nzn_winding_woodlands_5x15_sawtooth,
          nzn_winding_woodlands_center_lodge,
          nzn_winding_woodlands_5x15_jagged], layout_small_grid,
          shoals_dummy_entry, serial_rivers, chequers_serial_rivers_micro_e,
          chequers_serial_rivers_small_a, chequers_serial_rivers_room_b,
          chequers_serial_rivers_micro_c, chequers_serial_rivers_micro_a,
          roderic_batcave, hangedman_tree_tricks, hellmonk_talismancer
Lair:4:   layout_loops_ring, serial_bayou, serial_bayou_lake_a,
          serial_bayou_crossing, serial_bayou_pond_c, serial_bayou_shore_a,
          infiniplex_staircase_pool
Lair:5:   evil_forest, layout_misc_corridors, nicolae_slime_entry_slimehenge
Shoals:1: layout_shoals, nicolae_shoals_cliffside_cave
Shoals:2: layout_shoals, uniq_polyphemus
Shoals:3: layout_shoals
Snake:1:  layout_rooms, nicolae_shop_i_like_big_books, minmay_shop_grid_forest
Snake:2:  layout_cave_shapes, serial_shops, nicolae_shop_hallway_stairs,
          nicolae_snake_flat_spine, serial_library_regret_index_turning,
          grunt_megastairs_1
Snake:3:  layout_gridlike, grunt_megastairs_4
Snake:4:  grunt_snake_rune_pools, layout_cave_town, ebering_ghost_xom, drop_trap
Orc:1:    layout_caves
Orc:2:    pf_orc_diabolical, layout_caves, serial_shops, shop,
          nicolae_orc_sculptors_studio, uniq_maurice
Elf:1:    elf_arrival_002, layout_geoelf_octagon, nicolae_elf_crossing_hall
Elf:2:    elven_hall_of_blades_hangedman_original
          [nicolae_blade_entry_diamond_columns], layout_onion_city,
          trove_entry_hex_spiral, feat_on_display
Elf:3:    minmay_elf_hall_not_hex, layout_onion_city, serial_shops, shop,
          uniq_donald, uniq_nikola
Vaults:1: vaults_dpeg_doors, nicolae_vaults_surprise_closet,
          ontoclasm_vaults_spin, v_misc_15, v_rooms_6, hangedman_vaults_slither,
          dpeg_vaults_monster_box, nicolae_vaults_closet_pinwheel_3,
          nicolae_vaults_specimen_jars, nicolae_vaults_storage_room_glass,
          layout_vaults_ring
Vaults:2: minmay_crypt_entry_simple_box, nicolae_vaults_shipping_containers_4,
          hangedman_vaults_snaps, nicolae_vaults_mitosis, v_misc_12,
          nicolae_vaults_windows_and_doors_thing, vaults_dpeg_ring, v_misc_23,
          hangedman_vaults_stretched_pinwheel, vaults_room_fancy_cross,
          v_misc_10, layout_vaults_maze, serial_shops, shop
Vaults:3: nicolae_vaults_network_quincunx
          [nicolae_vaults_network_quincunx_subvault,
          nicolae_vaults_network_quincunx_subvault,
          nicolae_vaults_network_quincunx_subvault,
          nicolae_vaults_network_quincunx_subvault,
          nicolae_vaults_network_quincunx_subvault], vaults_dpeg_emergency_exit,
          nicolae_vaults_tetromino_T_2, vaults_mumra_hexcomb,
          vaults_room_door_ring, vaults_mumra_bighexcomb,
          vaults_standard_mumra_lines, nicolae_vaults_surprise_closet,
          vaults_room_hallway, nicolae_vaults_tetromino_L_1,
          nicolae_vaults_trapezoid_1, layout_vaults_chaotic_city, uniq_asterion
Vaults:4: portal_desolation_entry_twin_temple, grunt_vaults_diagonal,
          vaults_dpeg_diagonal, nicolae_vaults_yaktaur_gun_rack,
          nicolae_vaults_closet_pinwheel_4, nicolae_vaults_murderbox,
          serial_ice_g, nicolae_vaults_border_crossing, serial_ice_h,
          layout_vaults_omnigrid
Vaults:5: serial_shops, uniq_bai_suzhen
Crypt:1:  layout_gridlike, basic_altar, corexii_hall_statues_x
Crypt:2:  layout_misc_corridors, grunt_ministairs_9
Crypt:3:  quadcrypt_mu, uniq_zenata
Depths:1: layout_cave_shapes, enter_ziggurat_c, abyss_entry_glasseish,
          rand_demon_pan_entry_1, grunt_hell_entry_dis_grunt,
          chequers_serial_rivers_room_b, nicolae_uskayaw_suspiria
Depths:2: minmay_spiral_squares, layout_basic, grunt_metal_band,
          serial_bayou_ford_a, grunt_pan_entry_spiral

Skill      XL: |  1  2  3  4  5  6  7  8  9 10 11 12 13 14 15 16 17 18 19 20 21 22 23 24 25 |
---------------+----------------------------------------------------------------------------+-----
Long Blades    | 3 4 5 6 7 8 10 11 12 13 14 | 14.6
Spellcasting   | 1 2 3 4 5 6 7 8 10 11 12 13 14 15 16 17 | 17.3
Conjurations   | 1 2 3 4 5 6 7 8 10 11 12 13 14 15 16 17 | 17.3
Hexes          | 1 2 3 4 5 6 7 8 10 11 12 13 14 15 16 17 | 17.3
Summonings     | 1 2 3 4 5 6 7 8 10 11 12 13 14 15 16 17 | 17.3
Necromancy     | 1 2 3 4 5 6 7 8 10 11 12 13 14 15 16 17 | 17.3
Translocations | 1 2 3 4 5 6 7 8 10 11 12 13 14 15 16 17 | 17.3
Fire Magic     | 1 2 3 4 5 6 7 8 10 11 12 13 14 15 16 17 | 17.3
Ice Magic      | 1 2 3 4 5 6 7 8 10 11 12 13 14 15 16 17 | 17.3
Air Magic      | 1 2 3 4 5 6 7 8 10 11 12 13 14 15 16 17 | 17.3
Earth Magic    | 1 2 3 4 5 6 7 8 10 11 12 13 14 15 16 17 | 17.3
Alchemy        | 1 2 3 4 5 6 7 8 10 11 12 13 14 15 16 17 | 17.3
Armour         | 2 3 4 5 6 7 8 9 10 12 13 | 13.9
Dodging        | 3 4 6 7 8 9 10 11 12 14 15 17 18 | 18.0
Evocations     | 1 2 3 5 6 7 8 10 | 10.0
Fighting       | 4 5 6 7 8 9 10 11 12 13 14 15 16 17 18 19 | 19.2
Shields        | 2 4 6 8 10 11 12 13 15 16 17 | 17.9
Shapeshifting  | 3 |  3.5

Action                     |  1- 3 |  4- 6 |  7- 9 | 10-12 | 13-15 | 16-18 | 19-21 | 22-24 | 25-27 || total
---------------------------+-------+-------+-------+-------+-------+-------+-------+-------+-------++-------
  Melee: Falchion          |    69 |   193 |   404 |    59 |       |       |       |       |       ||   725
         Punch             |     2 |       |     6 |     5 |       |       |       |       |       ||    13
         Long sword        |       |       |       |   331 |   917 |   875 |   839 |       |       ||  2962
         Headbutt          |       |       |       |    19 |   243 |   153 |   451 |   129 |       ||   995
         Scimitar          |       |       |       |       |       |       |   691 |  1666 |   730 ||  3087
   Cast: Searing Ray       |       |       |     1 |       |       |       |       |       |       ||     1
         Summon Lightning  |       |       |       |    22 |    42 |    34 |    53 |    27 |    38 ||   216
         Sigil of Binding  |       |       |       |     1 |       |       |       |       |       ||     1
         Fireball          |       |       |       |       |       |    16 |    39 |     1 |       ||    56
         Sculpt Simulacrum |       |       |       |       |       |     1 |       |       |     1 ||     2
         Gell's Gravitas   |       |       |       |       |       |       |     2 |       |       ||     2
         Ozocubu's Refrige |       |       |       |       |       |       |       |   198 |    54 ||   252
         Haunt             |       |       |       |       |       |       |       |     2 |    18 ||    20
  Evoke: Wand              |       |     1 |     3 |     5 |     2 |       |     2 |       |       ||    13
         Sack of spiders   |       |       |       |       |       |       |       |       |     1 ||     1
    Use: Scroll            |       |     2 |     7 |     7 |     7 |     8 |    18 |     7 |     4 ||    60
         Potion            |       |       |       |     4 |     1 |     2 |     4 |     2 |     5 ||    18
   Stab: Confused          |     2 |       |       |       |       |     2 |     9 |     6 |       ||    19
         Paralysed         |     1 |     3 |     1 |    13 |     3 |       |     2 |     1 |       ||    24
         Distracted        |       |       |       |     4 |    14 |     7 |    16 |    17 |    12 ||    70
         Sleeping          |       |       |       |       |     3 |     1 |       |       |       ||     4
         Betrayed ally     |       |       |       |       |     1 |       |       |       |       ||     1
         Invisible         |       |       |       |       |     3 |     2 |     8 |       |       ||    13
         Petrifying        |       |       |       |       |       |     1 |       |     1 |       ||     2
 Armour: Leather armour    |    43 |   119 |   184 |    67 |       |       |       |       |       ||   413
         Acid dragon scale |       |       |       |   132 |   313 |   353 |   150 |       |       ||   948
         Troll leather arm |       |       |       |       |       |       |   385 |   356 |   276 ||  1017
         Pearl dragon scal |       |       |       |       |       |       |       |    56 |       ||    56
  Dodge: Dodged            |    38 |   179 |   373 |   380 |   702 |   693 |  1221 |  1094 |   511 ||  5191
  Block: Buckler           |       |       |       |    43 |   254 |   463 |   348 |       |       ||  1108
         Kite shield       |       |       |       |       |       |       |   689 |  1745 |   878 ||  3312
         Reflection        |       |       |       |       |       |       |    51 |    68 |     2 ||   121
